 Dungeon Crawl Stone Soup version 0.30.1-11-g7821555f0a (webtiles) character file.

Game seed: 11277365726500708986

13155 zraidn the Nimble (level 12, -8/93 (105) HPs)
             Began as a Merfolk Transmuter on Nov 26, 2023.
             Was an Elder of Dithmenos.
             Mangled by a spectral orc knight
             ... wielding a +0 broad axe
             ... summoned by Nergalle
              (11 damage)
             ... on level 3 of the Lair of Beasts.
             The game lasted 00:28:51 (13833 turns).

zraidn the Nimble (Merfolk Transmuter)             Turns: 13833, Time: 00:28:52

HP:   -8/93 (105)   AC: 12    Str: 10    XL:     12   Next: 3%
MP:   10/20         EV: 17    Int: 20    God:    Dithmenos [****..]
Gold: 203           SH:  0    Dex: 18    Spells: 9/22 levels left

rFire   . .          .
                       - Unarmed
rCold   + + +        (shield currently unavailable)
rNeg    . . .        h - melded +0 troll leather armour
rPois   +            v - melded +1 helmet
rElec   .            y - melded +0 cloak
rCorr   .            (gloves currently unavailable)
SInv    .            (boots currently unavailable)
Will    .....        (no amulet)
Stlth   ++++         i - +4 ring of protection
HPRegen 0.35/turn    L - ring "Xuohun" {rPois rF+ rC+ Int+6}
MPRegen 0.17/turn

%: no passive effects
@: ice-form, hasted, wreathed by umbra, heavily drained, very quick
A: freezing attack, boosted hp, large, (nimble swimmer 2), (mertail)
a: End Transformation, Renounce Religion, Shadow Step


You were on level 3 of the Lair of Beasts.
You worshipped Dithmenos.
Dithmenos was greatly pleased with you.
You were a creature of crystalline ice.
You visited 2 branches of the dungeon, and saw 13 of its levels.
You also visited: Ossuary.

You collected 876 gold pieces.
You spent 673 gold pieces at shops.

Inventory:

Armour
 h - a +0 troll leather armour (melded)
 v - a +1 helmet (melded)
 y - a +0 cloak (melded)
Jewellery
 a - a ring of poison resistance
 i - a +4 ring of protection (left front paw)
 z - a ring of see invisible
 A - a ring of wizardry
 G - a +6 ring of strength
 L - the ring "Xuohun" (right front paw) {rPois rF+ rC+ Int+6}
   (You bought it in a shop on level 5 of the Dungeon)

   [ring of intelligence]

   Int:       It affects your intelligence (+6).
   rF:        It protects you from fire.
   rC:        It protects you from cold.
   rPois:     It protects you from poison.
Wands
 k - a wand of charming (8)
 o - a wand of flame (40)
 t - a wand of roots (24)
 F - a wand of polymorph (5)
Scrolls
 e - 7 scrolls of fear
 l - 2 scrolls of blinking
 r - 8 scrolls of teleportation
 s - 3 scrolls of immolation
 x - 5 scrolls of fog
 B - a scroll of poison
 C - 8 scrolls of identify
 D - 3 scrolls of amnesia
 I - a scroll of enchant weapon
 K - a scroll of enchant armour
Potions
 b - 4 potions of lignification
 d - 3 potions of flight
 f - 2 potions of mutation {unknown}
 g - a potion of resistance {unknown}
 j - 5 potions of curing
 m - 2 potions of haste
 n - 3 potions of magic {unknown}
 p - a potion of attraction {unknown}
 q - 2 potions of invisibility {unknown}
 u - 2 potions of cancellation {unknown}
 w - a potion of berserk rage {unknown}
 E - 2 potions of ambrosia
 H - 2 potions of brilliance {unknown}
 J - a potion of might {unknown}


   Skills:
 - Level 6.0 Fighting
 - Level 12.0 Dodging
 - Level 4.0 Stealth
 - Level 8.0 Unarmed Combat
 + Level 5.7 Spellcasting
 + Level 11.5 Transmutations
 - Level 2.0 Fire Magic
 - Level 2.0 Ice Magic
 + Level 5.4 Poison Magic
 - Level 6.0 Invocations
 - Level 4.0 Evocations


You had 9 spell levels left.
You knew the following spells:

 Your Spells              Type           Power      Damage    Failure   Level
a - Beastly Appendage     Tmut           100%       N/A       1%          1
b - Wereblood             Tmut           51%        N/A       1%          2
c - Spider Form           Tmut/Pois      39%        N/A       1%          3
d - Ice Form              Ice/Tmut       32%        N/A       7%          4
e - Ignite Poison         Fire/Tmut/Pois 31%        N/A       2%          3

Your spell library contained the following spells:

 Spells                   Type           Power      Damage    Failure   Level
 Cigotuvi's Dreadful Rot  Necr/Pois/Air  24%        N/A       8%          2
 Necrotise                Necr           20%        1d5       11%         1
 Hailstorm                Conj/Ice       9%         3d4       22%         3
 Inner Flame              Hex/Fire       9%         N/A       22%         3
 Yara's Violent Unravell  Hex/Tmut       14%        3d7       28%         5
 Vampiric Draining        Necr           5%         2d6       32%         3
 Freezing Cloud           Conj/Ice/Air   4%         6-21      92%         5
 Agony                    Necr           5%         N/A       96%         5
 Simulacrum               Ice/Necr       4%         N/A       100%        6
 Enfeeble                 Hex            2%         N/A       100%        7


Dungeon Overview and Level Annotations

Branches:
Dungeon (10/15)            Temple (0/1) D:7            Lair (3/5) D:10
 Spider (0/4) Lair:2          Orc (0/2) D:10        Ossuary (visited)
  Swamp: Lair:2-3    Shoals: Lair:2-3

Altars:
Ashenzari
Cheibriados
Dithmenos
Elyvilon
Kikubaaqudgha
Nemelex Xobeh
Okawaru
Qazlal
Ru
Wu Jian
Yredelemnul
Zin

Shops:
D:1 (   D:5 =   D:9 *

Annotations:
D:5 3 runed translucent doors, rundlesten's ghost, amateur OpHW
Lair:3 Nergalle


Innate Abilities, Weirdness & Mutations

You are a creature of crystalline ice.
You have a powerful freezing melee attack.
Your maximum health is increased.
Your armour is entirely melded.
You are incapable of wielding weapons or throwing items.
((You are very nimble when in or above water. (Stealth+, EV+, Speed+++)))
((Your lower body shifts to a powerful aquatic tail in water.))


Message History

The spectral orc knight hits you with a +0 broad axe!
You feel drained. Nergalle closely misses you.
The spectral orc warrior closely misses you.
The spectral orc warrior hits you from afar with a +0 halberd!
* * * LOW HITPOINT WARNING * * *
You punch Nergalle! You freeze Nergalle.
Nergalle is severely wounded.
The spectral orc knight completely misses you.
The spectral orc warrior closely misses you.
Nergalle gestures at you while chanting.
Orcish apparitions take form around you.
The spectral orc warrior closely misses you.
Okay, then.
You hit Nergalle but do no damage.
Nergalle is severely wounded.
The spectral orc knight barely misses you.
The spectral orc knight misses you.
The spectral orc warrior closely misses you.
Nergalle hits you but does no damage.
The spectral orc warrior barely misses you.
You feel yourself speed up.
The spectral orc knight barely misses you.
The spectral orc knight misses you. Nergalle hits you but does no damage.
The spectral orc warrior closely misses you.
The spectral orc warrior barely misses you.
You barely miss Nergalle.
Nergalle is severely wounded.
The spectral orc knight hits you but does no damage.
The spectral orc knight hits you from afar with a +1 bardiche!
* * * LOW HITPOINT WARNING * * *
You feel drained.
* * * LOW HITPOINT WARNING * * *
The spectral orc warrior hits you with a +0 mace.
* * * LOW HITPOINT WARNING * * *
You feel drained.
* * * LOW HITPOINT WARNING * * *
You hit Nergalle but do no damage.
Nergalle is severely wounded.
The spectral orc knight hits you with a +0 broad axe!
You die...

...............
...............
..P............
.#P............
...............
......~~~......
......~≈~Z.....
.....ZoZ~......
......ZYZ......
#######P####.##
###


You could see Nergalle, 3 spectral orc warriors and 2 spectral orc knights.

Vanquished Creatures
  Erolcha (D:9)
  A hydra (Lair:1)
  Joseph (D:7)
  3 black mambas
  An elephant (Lair:3)
  3 cane toads
  Psyche (D:8)
  5 komodo dragons
  A rime drake (Lair:2)
  3 trolls
  A meliai (Lair:2)
  A wraith (D:10)
  8 yaks
  2 wyverns
  2 vampire mosquitoes (D:10)
  5 water moccasins
  4 black bears
  An orc warrior (D:10)
  2 sky beasts (D:7)
  2 centaurs
  3 kobold brigands
  An elf zombie (Ossuary)
  13 bullfrogs
  2 elf skeletons (D:7)
  2 scorpions
  3 wights (D:7)
  14 killer bees
  2 howler monkeys (D:8)
  4 electric eels
  3 lava snakes (Lair:2)
  3 hounds
  A sleepcap (D:4)
  11 orc priests
  A gnoll bouda (D:4)
  2 jellies
  A human skeleton (D:7)
  3 iguanas
  9 orc wizards
  2 hound zombies (Ossuary)
  5 mummies
  Robin (D:3)
  3 gnolls (D:4)
  6 adders
  3 shadow imps
  2 white imps
  2 ufetubi
  An adder zombie (Ossuary)
  A worm (D:2)
  A dart slug (D:1)
  59 orcs
  4 bats
  6 endoplasms
  7 giant cockroaches
  A gnoll zombie (Ossuary)
  17 goblins
  14 hobgoblins
  2 jackals (D:1)
  2 quokkas
  8 ball pythons
  3 frilled lizards
  A hobgoblin zombie (Ossuary)
  3 jackal zombies (Ossuary)
  19 kobolds
  A kobold zombie (Ossuary)
  3 orc skeletons (D:7)
  An orc zombie (Ossuary)
  6 rats
  A rat zombie (Ossuary)
311 creatures vanquished.

Notes
Turn   | Place    | Note
-------+----------+-------------------------------------------
     0 | D:1      | zraidn the Merfolk Transmuter began the quest for the Orb.
     0 | D:1      | Reached XP level 1. HP: 15/15 MP: 3/3
   126 | D:1      | Reached XP level 2. HP: 21/21 MP: 5/5
   274 | D:1      | Learned a level 2 spell: Wereblood
   472 | D:1      | Found Hiosonup's Antique Weapon Boutique.
   568 | D:1      | Reached XP level 3. HP: 22/26 MP: 4/6
  1115 | D:2      | Reached skill level 5 in Transmutations
  1651 | D:2      | Reached XP level 4. HP: 31/32 MP: 5/7
  1655 | D:2      | Learned a level 3 spell: Spider Form
  2240 | D:3      | Reached skill level 1 in Poison Magic
  2459 | D:3      | Reached skill level 3 in Dodging
  2459 | D:3      | Reached XP level 5. HP: 15/37 MP: 1/8
  2582 | D:3      | Noticed Robin
  2594 | D:3      | Reached skill level 4 in Dodging
  2597 | D:3      | Killed Robin
  2618 | D:3      | Found a white marble altar of Elyvilon.
  2669 | D:3      | Identified the +0 quarterstaff "Ogularox" {freeze, MP+9
                  | Int+3}
  2706 | D:3      | Found a faded altar of an unknown god.
  3024 | D:4      | Reached skill level 5 in Dodging
  3024 | D:4      | Reached XP level 6. HP: 26/43 MP: 4/9
  3209 | D:4      | Reached skill level 6 in Dodging
  3371 | D:4      | Reached skill level 7 in Dodging
  3464 | D:4      | Reached XP level 7. HP: 30/48 MP: 3/10
  3734 | D:4      | Reached skill level 8 in Dodging
  4155 | D:5      | Entered Level 5 of the Dungeon
  4491 | D:5      | Learned a level 4 spell: Ice Form
  4497 | D:5      | Reached XP level 8. HP: 54/54 MP: 10/13
  4637 | D:5      | Found a shadowy altar of Dithmenos.
  4651 | D:5      | Became a worshipper of Dithmenos the Shadowed
  4688 | D:5      | Found a runed translucent gate.
  4688 | D:5      | Identified the +4 whip of the Invisible Brambles {heavy,
                  | rF+ rN++ rCorr Int-2}
  4688 | D:5      | Identified the +1 scale mail "Zosec" {Contam MP+9 Int+2
                  | Stlth+}
  4689 | D:5      | Found a runed translucent gate.
  4690 | D:5      | Found a runed translucent gate.
  4691 | D:5      | Noticed rundlesten's ghost (amateur OpHW)
  4805 | D:5      | Found a sparkling altar of Nemelex Xobeh.
  4896 | D:5      | Found Irphuwuse's Jewellery Emporium.
  5395 | D:6      | Reached skill level 1 in Stealth
  5484 | D:6      | Found a snail-covered altar of Cheibriados.
  5567 | D:6      | Found an iron altar of Okawaru.
  5853 | D:6      | Found a sacrificial altar of Ru.
  6201 | D:6      | Found an ornate altar of the Wu Jian Council.
  6309 | D:7      | You fall into a shaft and drop 2 floors!
  6327 | D:9      | Noticed a troll
  6421 | D:9      | Found Terem's Neck Hole.
  6464 | D:7      | Noticed Joseph
  6496 | D:7      | Killed Joseph
  6528 | D:7      | Reached * piety under Dithmenos
  6589 | D:7      | Reached skill level 5 in Unarmed Combat
  6589 | D:7      | Reached XP level 9. HP: 65/65 MP: 10/15
  6663 | D:7      | Found a sand-covered staircase.
  6669 | Ossuary  | Entered an ossuary
  6695 | Ossuary  | Reached skill level 1 in Ice Magic
  7058 | D:7      | Reached ** piety under Dithmenos
  7140 | D:7      | Noticed a troll
  7160 | D:7      | Killed a troll
  7168 | D:7      | Reached skill level 10 in Transmutations
  7199 | D:7      | Reached skill level 9 in Dodging
  7455 | D:7      | Found a staircase to the Ecumenical Temple.
  7616 | D:8      | Noticed Psyche
  7630 | D:8      | Killed Psyche
  7631 | D:8      | Reached skill level 10 in Dodging
  8042 | D:8      | Reached XP level 10. HP: 71/71 MP: 5/16
  8048 | D:8      | Reached skill level 11 in Dodging
  8132 | D:8      | Found a glowing silver altar of Zin.
  8675 | D:9      | Noticed Erolcha
  8688 | D:9      | Killed Erolcha
  8689 | D:9      | Reached skill level 12 in Dodging
  8929 | D:9      | Found an ancient bone altar of Kikubaaqudgha.
  8984 | D:9      | Learned a level 3 spell: Ignite Poison
 10041 | D:10     | Entered Level 10 of the Dungeon
 10170 | D:10     | Found a stormy altar of Qazlal.
 10250 | D:10     | Reached skill level 1 in Fire Magic
 10253 | D:10     | Found a broken altar of Ashenzari.
 10261 | D:10     | Reached *** piety under Dithmenos
 10265 | D:10     | Found a basalt altar of Yredelemnul.
 10270 | D:10     | Reached skill level 5 in Fighting
 10474 | D:10     | Found a staircase to the Lair.
 10601 | D:10     | Reached XP level 11. HP: 80/81 MP: 12/17
 10677 | D:10     | Found a staircase to the Orcish Mines.
 10839 | D:5      | Bought the ring "Xuohun" {rPois rF+ rC+ Int+6} for 673 gold
                  | pieces
 10986 | Lair:1   | Entered Level 1 of the Lair of Beasts
 11005 | Lair:1   | Reached **** piety under Dithmenos
 11343 | Lair:1   | Noticed an eight-headed hydra
 11352 | Lair:1   | Killed an eight-headed hydra
 11353 | Lair:1   | Reached skill level 5 in Invocations
 12942 | Lair:2   | Found a hole to the Spider Nest.
 12968 | Lair:2   | Reached skill level 5 in Spellcasting
 13786 | Lair:3   | Reached skill level 5 in Poison Magic
 13791 | Lair:3   | Reached XP level 12. HP: 73/88 MP: 7/20
 13799 | Lair:3   | Noticed a death yak
 13799 | Lair:3   | Noticed a death yak
 13799 | Lair:3   | Noticed a death yak
 13799 | Lair:3   | Noticed a death yak
 13799 | Lair:3   | Noticed a death yak
 13799 | Lair:3   | Noticed a death yak
 13799 | Lair:3   | Noticed a death yak
 13803 | Lair:3   | Noticed Nergalle
 13832 | Lair:3   | HP: 4/94 [spectral orc warrior/+0 mace[Nergalle] (3)]
 13833 | Lair:3   | Mangled by a spectral orc knight

Illustrated notes

Levels and vault maps discovered:
D:1:      lightli_arrival_isolated_outpost, layout_loops_ring, serial_shops,
          nicolae_shop_temple_entry_statues_fountains, serial_forest,
          infiniplex_forest_end_2, infiniplex_forest_clump_small,
          infiniplex_forest_zigzag_1, infiniplex_forest_clump_small,
          infiniplex_forest_clump_small, infiniplex_forest_lined_ring
D:2:      minmay_inner_zag, layout_basic
D:3:      layout_loops_ring, nicolae_elyvilon_peaceful_grove,
          shapermc_ecumenical_altar_mp_ritualfount, uniq_robin
D:4:      layout_loops_ring
D:5:      layout_basic, grunt_dithmenos_shadows, nemelex_altar_shiori,
          biasface_ghost_orc_armoury, st_stairs_1, kennysheep_small_square
D:6:      layout_loops_ring, okawaru_metal_pillars_3,
          nicolae_wu_jian_glorious_leap, kennysheep_mini_moat,
          chei_slow_surprise
D:7:      layout_cave_pools, temple_green, nicolae_ossuary_entry_catacombs,
          grunt_potential, uniq_joseph
D:8:      layout_loops_corners, zin_academy, uniq_psyche
D:9:      layout_layer_cave, kiku_gazebo_pond_becter, kennysheep_doodads,
          kennysheep_flooded_box, nicolae_shop_sticking_my_neck_out,
          uniq_erolcha
D:10:     layout_roguey, nicolae_overflow_squiral, grunt_qazlal_sundering,
          dpeg_oklobed_lair, hiddenorc1_lemuel
Lair:1:   layout_layer_cave, serial_forest, infiniplex_forest_clump_C,
          infiniplex_forest_end_3, infiniplex_forest_lined_2,
          infiniplex_forest_fountain, infiniplex_forest_fountain,
          infiniplex_forest_lined_room_2, cheibrodos_lair_reptile_den
Lair:2:   layout_misc_corridors, hellmonk_spider_entry_not_the_bees,
          pdpol_lair_neglected_garden, eino_small_chamber_without_monster,
          nicolae_lair_liquid_snakes
Lair:3:   layout_gridlike, palyth_hydra_swamp_entry, uniq_nergalle

Skill      XL: |  1  2  3  4  5  6  7  8  9 10 11 |
---------------+----------------------------------+-----
Transmutations | 3 4 5 6 7 8 10 11 | 11.5
Poison Magic   | 2 5 |  5.4
Dodging        | 3 5 7 8 10 12 | 12.0
Spellcasting   | 3 4 5 |  5.7
Stealth        | 4 |  4.0
Fighting       | 4 6 |  6.0
Unarmed Combat | 5 6 7 8 |  8.0
Ice Magic      | 2 |  2.0
Evocations     | 4 |  4.0
Fire Magic     | 2 |  2.0
Invocations    | 6 |  6.0

Action                     |  1- 3 |  4- 6 |  7- 9 | 10-12 || total
---------------------------+-------+-------+-------+-------++-------
  Melee: Unarmed           |   119 |   156 |   402 |   427 ||  1104
         Headbutt          |    19 |    18 |     7 |     2 ||    46
         Punch             |     3 |       |     4 |     3 ||    10
   Cast: Beastly Appendage |    33 |    15 |     4 |     1 ||    53
         Wereblood         |     6 |    11 |    19 |    19 ||    55
         Spider Form       |       |     5 |    35 |    32 ||    72
         Ice Form          |       |       |     1 |    10 ||    11
         Ignite Poison     |       |       |       |     4 ||     4
Ability: End Transformatio |       |       |       |     2 ||     2
  Evoke: Wand              |       |       |       |     7 ||     7
    Use: Potion            |       |     1 |     4 |     6 ||    11
         Scroll            |       |       |    17 |     2 ||    19
   Stab: Sleeping          |     3 |       |     4 |     4 ||    11
 Armour: Robe              |    20 |    35 |    16 |       ||    71
         Skin              |       |     5 |    33 |    48 ||    86
         Troll leather arm |       |       |       |     4 ||     4
  Dodge: Dodged            |    71 |   101 |   527 |   649 ||  1348
